 Dungeon Crawl Stone Soup version 0.30-b1-2-g02819fbbbe (webtiles) character file.

Game seed: 4094150324583184834

28 MackTheKnife the Trooper (level 2, -2/27 HPs)
             Began as a Minotaur Fighter on May 19, 2023.
             Slain by an ice beast (13 damage)
             ... on level 4 of the Dungeon.
             The game lasted 00:01:31 (329 turns).

MackTheKnife the Trooper (Minotaur Fighter)          Turns: 329, Time: 00:01:32

Health: -2/27      AC:  5    Str: 20    XL:     2   Next: 96%
Magic:  1/1        EV: 10    Int:  5    God:
Gold:   42         SH:  5    Dex: 14    Spells: 1/1 levels left

rFire   . . .        a - +0 war axe {axe}
rCold   . . .        c - +0 buckler
rNeg    . . .        h - +0 ring mail "Alekofy" {Rampage rCorr Dex+5}
rPois   .            (helmet restricted)
rElec   .            (no cloak)
rCorr   +            (no gloves)
SInv    .            (no boots)
Will    +....        (no amulet)
Stlth   +            k - ring of willpower
HPRegen 0.24/turn    (no ring)
MPRegen 0.07/turn

%: rampage
@: no status effects
A: horns 2, retaliatory headbutt
a: no special abilities


You were on level 4 of the Dungeon.
You visited 1 branch of the dungeon, and saw 4 of its levels.

You collected 42 gold pieces.


Innate Abilities, Weirdness & Mutations

You have a pair of horns on your head.
You reflexively headbutt those who attack you in melee.


   Skills:
 + Level 4.0 Fighting
 * Level 3.4 Axes
 - Level 3.6 Armour
 + Level 4.0 Shields


You had one spell level left.
You didn't know any spells.
Your spell library was empty.

Inventory:

Hand Weapons
 a - a +0 war axe (weapon) {axe}
Armour
 b - a +0 tower shield
   (You found it on level 3 of the Dungeon)
 c - a +0 buckler (worn)
 h - the +0 ring mail "Alekofy" (worn) {Rampage rCorr Dex+5}
   (You found it on level 3 of the Dungeon)

   Dex:       It affects your dexterity (+5).
   rCorr:     It protects you from acid and corrosion.
   Rampage:   It bestows one free step when moving towards enemies.
Jewellery
 k - a ring of willpower (left hand)
   (You found it on level 4 of the Dungeon)
Scrolls
 f - 2 scrolls of teleportation {unknown}
 g - 3 scrolls of identify {unknown}
 j - a scroll of immolation {unknown}
Potions
 d - a potion of might
 e - a potion of cancellation {unknown}
 i - a potion of flight {unknown}
 l - a potion of resistance

Dungeon Overview and Level Annotations

Branches:
Dungeon (4/15) Zot: 23653
 Temple: D:4-7

Altars:
Dithmenos

Annotations:
D:4 1 transporter ########### #°°☼[©?☼°°# #○○°$$$○☼°# ○☼°...○○○# ○°○°°☼○○# ○○☼○☼°○

####☼Y°##### .. .#°○@Y.☼°#..
... ###.#○°#.#☼○#.# ...#+##
#...#☼☼...○.#.#
......####.###°°#©#☼☼#.#
...#....##.# #☼°.°☼○°#.#
...#.......# #☼☼.☼°.○#.###
...#.......###########..$####.
...............#.©..#.........
...............#.(..#.##.####.


You could see 2 ice beasts.


Message History

You slash the orc!
You kill the orc!
You hit the ball python.
You kill the ball python!
You see here a ball python corpse.
h - the +0 ring mail "Alekofy" {Rampage rCorr Dex+5} You start removing your armour.
You continue taking off your +0 scale mail. x4
You finish taking off your +0 scale mail.
You start putting on your armour.
You continue putting on the +0 ring mail "Alekofy" {Rampage rCorr Dex+5}. x5
You finish putting on the +0 ring mail "Alekofy" {Rampage rCorr Dex+5}.
You feel agile.
You feel ready to rampage towards enemies.
You drop a +0 scale mail.
You see here a +0 tower shield.
b - a +0 tower shield
Things that are here:
a +0 club {mace}; an orc corpse
g - 2 scrolls labelled JICOMN FOISCH (gained 1)
You see here 3 stones {throwing}.
Found a stone staircase leading down.
You see here a +0 leather armour.
You see here a +0 flail {mace}.
There is a stone staircase leading down here.
You climb downwards.
There is a stone staircase leading up here.
A quokka comes into view.
A kobold comes into view. It is wielding a +0 dagger.
The kobold moves out of view.
You hit the quokka. The quokka closely misses you.
The quokka barely misses you.
You barely miss the quokka. Your headbutt misses the quokka.
The quokka bites you but does no damage.
You hit the quokka.
You kill the quokka!
You hit the kobold. The kobold barely misses you. You furiously retaliate!
You headbutt the kobold!
You kill the kobold!
No target in view!
No target in view!
g - 3 scrolls labelled JICOMN FOISCH (gained 1)
An adder comes into view.
The adder hisses angrily.
You barely miss the adder. Your headbutt misses the adder.
The adder barely misses you. x2; You furiously retaliate!
You headbutt the adder. You miss the adder. You block the adder's attack.
The adder bites you but does no damage.
You closely miss the adder. You headbutt the adder.
The adder barely misses you.
You hit the adder.
You kill the adder!
Your Fighting skill increases to level 4!
Your Shields skill increases to level 4!
i - a sapphire potion You now have 42 gold pieces (gained 9).
j - a scroll labelled ERRIDGHITWO
f - 2 scrolls labelled OGGAACZAWU (gained 1)
Found a stone staircase leading up.
k - a ring of willpower
k - a ring of willpower (left hand)
An endoplasm comes into view.
The endoplasm quivers.
You slash the endoplasm!
You kill the endoplasm!
There is a transporter here.
You enter the transporter and appear at another place.
l - a potion of resistance
There are no items here.
You open the gate. 2 ice beasts come into view.
You closely miss the ice beast.
The ice beast hits you but does no damage.
You hit the ice beast.
The ice beast hits you but does no damage.
You hit the ice beast. The ice beast barely misses you. x2
You furiously retaliate!
You headbutt the ice beast! The ice beast barely misses you.
You barely miss the ice beast.
You headbutt the ice beast, but do no damage.
You hit the ice beast.
The ice beast hits you but does no damage.
The ice beast closely misses you.
You hit the ice beast. You headbutt the ice beast! You hit the ice beast.
The ice beast barely misses you.
The ice beast hits you but does no damage.
You barely miss the ice beast. x2
The ice beast hits you but does no damage.
The ice beast closely misses you. The ice beast hits you.
The ice beast freezes you! The ice beast misses you. 😮 HP[-13]
You take 13 damage, and now have 14/27 hp.
MASSIVE DAMAGE!! (PAUSE)
You closely miss the ice beast. You hit the ice beast.
The ice beast hits you but does no damage.
The ice beast hits you.
* * * LOW HITPOINT WARNING * * *
The ice beast freezes you!
You die...

Skill      XL: |  1  2 |
---------------+-------+-----
Axes           | 3 |  3.4
Fighting       | 4 |  4.0
Shields        | 4 |  4.0
Armour         | |  3.6

Action                     || total
---------------------------++-------
  Melee: War axe           ||    42
         Headbutt          ||     7
 Armour: Scale mail        ||    16
         Ring mail         ||     8
  Dodge: Dodged            ||    25
  Block: Buckler           ||     5

Levels and vault maps discovered:
D:1:      psy_arrival_whirlpool, layout_basic
D:2:      layout_basic, serial_shops, shop, shapermc_ecumenical_altar_petra,
          basic_altar
D:3:      layout_rooms
D:4:      gammafunk_cloud_chamber, layout_basic, elyvilon_altar_1,
          kennysheep_generic_room_3

Notes
Turn   | Place    | Note
-------+----------+-------------------------------------------
     0 | D:1      | MackTheKnife the Minotaur Fighter began the quest for the
                  | Orb.
     0 | D:1      | Reached XP level 1. HP: 19/19 MP: 0/0
     0 | D:1      | magus.rc [v1.9.6]
    63 | D:2      | Found a shadowy altar of Dithmenos.
    94 | D:2      | Reached XP level 2. HP: 27/27 MP: 1/1
   106 | D:3      | Reached skill level 3 in Axes
   135 | D:3      | Identified the +0 ring mail "Alekofy" {Rampage rCorr Dex+5}
   230 | D:4      | Reached skill level 4 in Fighting
   230 | D:4      | Reached skill level 4 in Shields
   275 | D:4      | Found a transporter.
   322 | D:4      | Found a transporter.
   322 | D:4      | Noticed an ice beast
   322 | D:4      | Noticed an ice beast
   329 | D:4      | Slain by an ice beast

Vanquished Creatures
  An adder (D:4)
  A dart slug (D:1)
  An orc (D:3)
  An endoplasm (D:4)
  A hobgoblin (D:3)
  3 kobolds
  A quokka (D:4)
  2 ball pythons (D:3)
  2 bats
  2 frilled lizards
  2 goblins
17 creatures vanquished.

Table legend:
 A = Non-vault XP
 B = Vault XP
 C = Vault XP percentage of total XP
 D = Non-vault monster count
 E = Vault monster count
 F = Vault count percentage of total count
                 A         B        C        D         E       F
            +---------+---------+-------+---------+---------+-------
      Total |      40 |       0 |   0.0 |      17 |       0 |   0.0
            +---------+---------+-------+---------+---------+-------
        D:1 |      10 |       0 |   0.0 |       6 |       0 |   0.0
        D:2 |       2 |       0 |   0.0 |       2 |       0 |   0.0
        D:3 |      10 |       0 |   0.0 |       5 |       0 |   0.0
        D:4 |      18 |       0 |   0.0 |       4 |       0 |   0.0
            +---------+---------+-------+---------+---------+-------

Skill      XL: |  1  2 |
---------------+-------+-----
Axes           | 3 |  3.4
Fighting       | 4 |  4.0
Shields        | 4 |  4.0
Armour         | |  3.6

Action                     || total
---------------------------++-------
  Melee: War axe           ||    42
         Headbutt          ||     7
 Armour: Scale mail        ||    16
         Ring mail         ||     8
  Dodge: Dodged            ||    25
  Block: Buckler           ||     5

Illustrated notes

Table legend:
 A = Kills in this place as a percentage of kills in the entire game.
 B = Kills by you in this place as a percentage of kills by you in the entire game.
 C = Kills by friends in this place as a percentage of kills by friends in the entire game.
 D = Other kills in this place as a percentage of other kills in the entire game.
 E = Experience gained in this place as a percentage of experience gained in the entire game.
 F = Experience gained in this place divided by the number of levels of this place that you have seen.
                   A       B       C       D       E      F
               +-------+-------+-------+-------+-------+----------------------
         Total | 100.0 | 100.0 |   N/A |   N/A | 100.0 |  10.0
       Dungeon | 100.0 | 100.0 |   N/A |   N/A | 100.0 |  10.0
               +-------+-------+-------+-------+-------+----------------------

Table legend: (Time is in decaauts)
 A = Elapsed time spent in this place.
 B = Non-inter-level travel time spent in this place.
 C = Inter-level travel time spent in this place.
 D = Time resting spent in this place.
 E = Time spent auto-exploring this place.
 F = Levels seen in this place.
 G = Mean time per level.
                   A        B        C        D        E       F      G
               +--------+--------+--------+--------+--------+-----+--------+
         Total |    345 |    345 |      0 |      0 |     15 |   4 |   86.2 |
       Dungeon |    345 |    345 |      0 |      0 |     15 |   4 |   86.2 |
               +--------+--------+--------+--------+--------+-----+--------+

Top non-repeatable levels by time:
     D:4: 144 daAuts
     D:3: 89 daAuts
     D:1: 65 daAuts
     D:2: 45 daAuts
